 Dungeon Crawl Stone Soup version 0.28-a0-834-g1a73be5ee4 (webtiles) character file.

Game seed: 738386417438304719

1645 emperorscorpion the Chopper (level 8, -4/47 (51) HPs)
             Began as a Gargoyle Berserker on Nov 11, 2021.
             Was an Elder of Trog.
             Slain by an orc warrior (9 damage)
             ... on level 8 of the Dungeon.
             The game lasted 00:19:28 (6768 turns).

emperorscorpion the Chopper (Gargoyle Berserker)    Turns: 6768, Time: 00:19:28

HP:   -4/47 (51)    AC: 16    Str: 21    XL:     8   Next: 99%
MP:   8/8           EV: 12    Int:  9    God:    Trog [****..]
Gold: 261           SH:  0    Dex: 10    Spells: 7/7 levels left

rFire   . . .      SeeInvis .   a - +1 hand axe
rCold   . . .      Faith    .   (no shield)
rNeg    + . .      Spirit   .   h - +0 chain mail
rPois   ∞          Reflect  .   (no helmet)
rElec   +          Harm     .   f - scarf {+Inv}
rCorr   .          Rampage  .   (no gloves)
Will    ++...                   j - +0 pair of boots
Stlth   ..........              (no amulet)
HPRegen 1.15/turn               n - +4 ring of evasion
MPRegen 0.11/turn               (no ring)

@: strong-willed, on berserk cooldown, regenerating, drained
A: sickness immunity, AC +5, negative energy resistance 1, electricity
resistance, torment resistance 1, petrification resistance
a: Renounce Religion, Evoke Invisibility, Berserk, Trog's Hand, Brothers in Arms


You were on level 8 of the Dungeon.
You worshipped Trog.
Trog was greatly pleased with you.
You visited 1 branch of the dungeon, and saw 11 of its levels.

You collected 261 gold pieces.

Inventory:

Hand Weapons
 a - a +1 hand axe (weapon)
 c - a +2 dagger of electrocution
 g - a +0 spear
Missiles
 m - 6 boomerangs (quivered)
 q - 22 poisoned darts
 u - a throwing net
Armour
 b - a +0 animal skin
 f - a scarf of invisibility (worn)
 h - a +0 chain mail (worn)
 j - a +0 pair of boots (worn)
Magical Staves
 d - a staff of poison
Jewellery
 n - a +4 ring of evasion (left hand)
Wands
 o - a wand of digging (7)
 p - a wand of iceblast (7)
Potions
 i - a potion of lignification
 r - a potion of mutation {unknown}
 v - a potion of invisibility {unknown}
 w - a potion of might {unknown}


   Skills:
 + Level 5.8 Fighting
 + Level 7.0 Axes
 + Level 5.2 Armour
 + Level 3.1 Dodging
 + Level 1.8 Stealth
 * Level 3.8 Evocations


You had 7 spell levels left.
You didn't know any spells.
Your spell library was empty.

Dungeon Overview and Level Annotations

Branches:
Dungeon (11/15)            Temple (0/1) D:4
   Lair: D:8-11         Orc: D:9-12

Altars:
Ashenzari
Dithmenos

Annotations:
D:10 1 runed translucent door, kae's ghost, journeyman TeSu


Innate Abilities, Weirdness & Mutations

You are immune to sickness and miasma.
Your stone body is resilient. (AC +5)
You are immune to poison.
You resist negative energy. (rN+)
You are resistant to electric shocks. (rElec)
You are resistant to unholy torment.
You are immune to petrification.


Message History

You feel aware of your surroundings.
It was a scroll of magic mapping.
The orc priest hits you with a +0 hand axe.
* * * LOW HITPOINT WARNING * * *
The orc warrior hits you with a +0 quarterstaff.
* * * LOW HITPOINT WARNING * * *
Okay, then.
The orc priest barely misses you.
The orc warrior hits you but does no damage.
You are confused.
You feel invigorated.
You feel yourself speed up.
The orc priest calls down the wrath of Beogh upon you.
You struggle to resist.
The orc warrior hits you but does no damage.
You hit the orc warrior but do no damage.
The orc warrior is severely wounded.
You miss the orc priest. The orc priest barely misses you.
The orc warrior hits you but does no damage.
You bump into the rock wall.
You feel less invigorated.
You feel less confused.
The orc priest looks braver for a moment.
The orc warrior hits you with a +0 quarterstaff!
* * * LOW HITPOINT WARNING * * *
You hit the orc priest.
The orc priest is heavily wounded.
You hit the orc warrior.
The orc priest calls upon Beogh to heal the orc warrior.
The orc warrior is healed somewhat.
The orc warrior barely misses you.
Your skin crawls.
You feel strong-willed.
The orc priest hits you but does no damage.
The orc warrior barely misses you.
Your magical contamination has completely faded away.
Okay, then.
You closely miss the orc priest.
The orc priest is heavily wounded.
You barely miss the orc warrior.
The orc priest hits you but does no damage.
The orc warrior hits you with a +0 quarterstaff!
You die...

,,,,*,* **,,,,....,,,,,,*
,,,,*,*****,,,,...#*******
,,,,*,,,,*#,,,,#..#
,,,,****,*#.,**#..#
,,,,,,,,,,...###..# ******
,,,,****,,,,......#######***,,,,*
,,,,,****,*,,*#.)........,,*,**,,
,,,,,,***,,,,**#))#.###***,,,,,,,
,,,,*,,,,*,,,* #@o....# ***,,**,
,,,,****,*,,,* ##o.)).# **,***
,<,** *,,,,,* #)##..## *,* ,,**
***,,,***#.##...# *,*
**********.......)##.#.## *,***
*,,,,,,,....###..#.#..## *,,,,
*,,,,>,,.o*####....##..##***##*
*,,,,,,,,,##.......###..##....,
*,,,,,,,,.#...................*


You could see an orc warrior and an orc priest.

Vanquished Creatures
  A hornet (D:6)
  A wyvern (D:7)
  A sky beast (D:4)
  A necrophage (D:4)
  2 ogres
  A kobold brigand (D:8)
  A bullfrog (D:6)
  3 scorpions
  2 howler monkeys (D:5)
  A centaur zombie (D:8)
  A bullfrog zombie (D:5)
  A jelly (D:7)
  5 orc priests
  2 orc wizards
  4 gnolls (D:4)
  3 river rats (D:5)
  11 adders
  6 worms
  2 dart slugs
  18 orcs
  5 ball pythons
  7 bats
  8 endoplasms
  4 giant cockroaches
  7 goblins
  6 hobgoblins
  4 jackals
  4 quokkas
  8 frilled lizards
  11 kobolds
  3 rats
134 creatures vanquished.

Vanquished Creatures (others)
  4 plants (D:1)
4 creatures vanquished.

Grand Total: 138 creatures vanquished

Notes
Turn   | Place    | Note
-------+----------+-------------------------------------------
     0 | D:1      | emperorscorpion the Gargoyle Berserker began the quest for
                  | the Orb.
     0 | D:1      | Reached XP level 1. HP: 14/14 MP: 1/1
    65 | D:1      | Found a faded altar of an unknown god.
   107 | D:1      | Reached XP level 2. HP: 8/19 MP: 2/2
   379 | D:1      | Reached skill level 3 in Axes
   903 | D:1      | Reached XP level 3. HP: 22/24 MP: 3/3
  1026 | D:1      | Reached ** piety under Trog
  1752 | D:2      | Reached XP level 4. HP: 27/29 MP: 4/4
  1927 | D:2      | Reached skill level 1 in Evocations
  1932 | D:2      | Reached XP level 5. HP: 26/33 MP: 5/5
  2042 | D:2      | Found a shadowy altar of Dithmenos.
  2437 | D:3      | Reached skill level 4 in Axes
  2636 | D:3      | Reached *** piety under Trog
  2691 | D:3      | Found a shadowy altar of Dithmenos.
  3316 | D:4      | Reached XP level 6. HP: 30/38 MP: 6/6
  3431 | D:4      | Noticed a sky beast
  3485 | D:4      | Killed a sky beast
  3821 | D:5      | Entered Level 5 of the Dungeon
  3883 | D:5      | Reached XP level 7. HP: 44/44 MP: 7/7
  3886 | D:5      | Reached skill level 5 in Axes
  3900 | D:4      | Reached skill level 1 in Stealth
  4419 | D:5      | Reached skill level 5 in Fighting
  4463 | D:5      | Reached XP level 8. HP: 34/49 MP: 8/8
  4694 | D:4      | Found a staircase to the Ecumenical Temple.
  4877 | D:4      | Found a broken altar of Ashenzari.
  5297 | D:5      | Reached skill level 6 in Axes
  5980 | D:6      | Noticed a hornet
  6004 | D:6      | Killed a hornet
  6254 | D:6      | You fall into a shaft and drop 1 floor!
  6254 | D:7      | Noticed a wyvern
  6273 | D:7      | Killed a wyvern
  6277 | D:7      | Reached skill level 5 in Armour
  6373 | D:7      | You fall into a shaft and drop 3 floors!
  6373 | D:10     | Entered Level 10 of the Dungeon
  6411 | D:10     | Noticed a yak
  6411 | D:10     | Noticed a yak
  6411 | D:10     | Noticed a yak
  6413 | D:10     | Noticed a yak
  6414 | D:10     | Noticed a yak
  6503 | D:10     | Found a runed translucent door.
  6503 | D:10     | Noticed kae's ghost (journeyman TeSu)
  6503 | D:10     | Noticed a troll
  6506 | D:10     | Noticed a kobold demonologist
  6566 | D:8      | Reached **** piety under Trog
  6737 | D:8      | Reached skill level 7 in Axes
  6761 | D:8      | HP: 2/47 [orc warrior (4)]
  6768 | D:8      | Slain by an orc warrior

Illustrated notes

Levels and vault maps discovered:
D:1:      tarquinn_simple_flora_water_b, layout_loops_ring,
          hellmonk_ecumenical_altar_zigzags, minmay_cut_off
D:2:      layout_basic, basic_altar, minmay_crystal_room,
          kennysheep_generic_room_5
D:3:      layout_loops_ring, grunt_dithmenos_smoke_and_mirrors
D:4:      layout_layer_cave, kennysheep_mini_moat, minmay_temple_entry_fiery
D:5:      cheibrodos_helix_gallery, layout_basic, lightli_sewer_entry_pipes,
          minmay_misc_feat_iff
D:6:      layout_basic, serial_shops, shop, shop, kennysheep_mini,
          kennysheep_little_box
D:7:      layout_cave_pools, serial_shops, nicolae_stop_n_shop_2,
          minmay_liquid_box
D:8:      layout_rooms, uniq_maggie
D:9:      layout_long_grid, trog_hazing_becter, due_lair_maze_entry_diamond
D:10:     layout_basic, tso_oasis_becter, hellmonk_ghost_happy_afterlife
D:11:     kennysheep_blocky_room, layout_gridville, zombieorc2_lemuel,
          slow_altar_2

Skill      XL: |  1  2  3  4  5  6  7  8 |
---------------+-------------------------+-----
Axes           | 3 4 5 7 |  7.0
Dodging        | 2 3 |  3.1
Evocations     | 1 2 3 |  3.8
Fighting       | 4 5 |  5.8
Armour         | 3 4 5 |  5.2
Stealth        | 1 |  1.8

Action                   |  1- 3 |  4- 6 |  7- 9 || total
-------------------------+-------+-------+-------++-------
Melee: Hand axe          |   114 |   182 |   284 ||   580
Invok: Berserk           |     6 |     4 |     6 ||    16
       Trog's Hand       |       |       |     3 ||     3
 Abil: Evoke Invisibilit |       |     1 |     2 ||     3
Evoke: Wand              |       |     3 |     2 ||     5
  Use: Scroll            |       |     2 |     5 ||     7
       Potion            |       |       |    10 ||    10
 Stab: Invisible         |       |       |     6 ||     6
Armor: Animal skin       |    45 |       |       ||    45
       Chain mail        |     6 |   132 |   126 ||   264
       Skin              |       |       |    91 ||    91
Dodge: Dodged            |    75 |    84 |   169 ||   328

Table legend: (Time is in decaauts)
 A = Elapsed time spent in this place.
 B = Non-inter-level travel time spent in this place.
 C = Inter-level travel time spent in this place.
 D = Time resting spent in this place.
 E = Time spent auto-exploring this place.
 F = Levels seen in this place.
 G = Mean time per level.
                   A        B        C        D        E       F      G
               +--------+--------+--------+--------+--------+-----+--------+
         Total |   6970 |   6517 |    453 |    260 |   4529 |  11 |  633.6 |
       Dungeon |   6970 |   6517 |    453 |    260 |   4529 |  11 |  633.6 |
               +--------+--------+--------+--------+--------+-----+--------+

Top non-repeatable levels by time:
     D:1: 1632 daAuts
     D:4: 1389 daAuts
     D:5: 1301 daAuts
     D:3: 903 daAuts
     D:2: 892 daAuts
     D:6: 326 daAuts
     D:8: 213 daAuts
    D:10: 153 daAuts
     D:7: 127 daAuts
    D:11: 21 daAuts
     D:9: 7 daAuts
